 Dungeon Crawl Stone Soup version 0.30.0-3-ga4e48a9924 (webtiles) character file.

Game seed: 4970367714433920616

139 jlumianski the Trooper (level 5, -1/41 HPs)
             Began as a Demonspawn Fighter on May 8, 2023.
             Succumbed to a water moccasin's poison
             ... on level 5 of the Dungeon.
             The game lasted 00:05:33 (1525 turns).

jlumianski the Trooper (Demonspawn Fighter)         Turns: 1525, Time: 00:05:33

Health: -1/41      AC:  8    Str: 25    XL:     5   Next: 1%
Magic:  5/5        EV:  9    Int:  9    God:
Gold:   102        SH: 10    Dex: 10    Spells: 4/4 levels left

rFire   . . .        a - +0 war axe
rCold   . . .        c - +0 buckler
rNeg    . . .        b - +0 scale mail
rPois   .            p - +0 helmet
rElec   .            (no cloak)
rCorr   .            (no gloves)
SInv    .            (no boots)
Will    .....        (no amulet) Stlth
                     e - +6 ring of strength
HPRegen 0.26/turn    (no ring)
MPRegen 0.09/turn

%: no passive effects
@: lethally poisoned (-1 -> -17), flying
A: claws 1, ignite blood 1, powered by pain 2, large bone plates 2, clumsy 1,
subdued magic 1
a: no special abilities


You were on level 5 of the Dungeon.
You visited 1 branch of the dungeon, and saw 6 of its levels.

You collected 102 gold pieces.

Inventory:

Hand Weapons
 a - a +0 war axe (weapon)
 w - the +5 dagger of Evolution {flame, rElec Str+4}
   (You found it on level 6 of the Dungeon)

   Str:       It affects your strength (+4).
   rElec:     It insulates you from electricity.
Missiles
 f - 25 stones
 m - 8 poisoned darts (quivered)
Armour
 b - a +0 scale mail (worn)
 c - a +0 buckler (worn)
 p - a +0 helmet (worn)
Jewellery
 e - a +6 ring of strength (left claw)
Wands
 n - a wand of paralysis (4)
 q - a wand of iceblast (16)
 t - a wand of digging (8)
Scrolls
 g - a scroll of noise {unknown}
 h - 2 scrolls of immolation {unknown}
 j - a scroll of enchant weapon {unknown}
 l - a scroll of blinking {unknown}
 o - a scroll of enchant armour {unknown}
 r - 2 scrolls of poison {unknown}
 s - a scroll of identify {unknown}
Potions
 d - a potion of might
 u - a potion of invisibility {unknown}
 v - a potion of curing {unknown}


   Skills:
 + Level 3.5 Fighting
 + Level 2.9 Axes
 + Level 0.2 Throwing
 + Level 3.5 Armour
 + Level 0.4 Dodging
 + Level 0.2 Stealth
 + Level 3.3 Shields


You had 4 spell levels left.
You didn't know any spells.
Your spell library contained the following spells:

 Spells                   Type           Power      Damage    Failure   Level
 Dazzling Flash           Conj/Hex       0%         N/A       97%         3
 Portal Projectile        Hex/Tloc       0%         N/A       97%         3
 Tukima's Dance           Hex            0%         N/A       97%         3
 Agony                    Necr           0%         N/A       100%        5
 Blade Hands              Tmut           0%         N/A       100%        5
 Silence                  Hex/Air        0%         N/A       100%        5


Dungeon Overview and Level Annotations

Branches:
Dungeon (6/15)
 Temple: D:4-7

Altars:


Innate Abilities, Weirdness & Mutations

You have sharp fingernails.
Your demonic aura sometimes causes spilled blood to erupt in flames.
You sometimes gain power by taking damage.
You are mostly covered in large bone plates. (SH +6)
You are clumsy. (Dex -2)
Your spells are a little easier to cast, but a little less powerful.


Message History

A water moccasin comes into view.
The adder bites you. The adder bites you but does no damage.
You hit the adder.
You kill the adder!
You have reached level 5!
Your demonic ancestry asserts itself...
Your blood heats up.
Throw: 9 darts (poison)
Press: ? - help, Q - select action, (/) - cycle Shift-Dir - straight line, f - water moccasin
Aim: a water moccasin (38% to hit)
You throw a poisoned dart.
The poisoned dart hits the water moccasin.
You slash the water moccasin!
The water moccasin is moderately wounded.
The water moccasin bites you. x2
You are poisoned.
The water moccasin poisons you!
You barely miss the water moccasin.
The water moccasin is moderately wounded.
You feel very sick. The water moccasin barely misses you.
The water moccasin bites you.
You are lethally poisoned!
The water moccasin poisons you!
You closely miss the water moccasin.
The water moccasin is moderately wounded.
You feel extremely sick. The water moccasin barely misses you.
The water moccasin bites you!
* * * LOW HITPOINT WARNING * * *
It was a potion of flight.
You feel very buoyant.
You fly up into the air.
* * * LOW HITPOINT WARNING * * *
You feel very sick. The water moccasin bites you.
* * * LOW HITPOINT WARNING * * *
It was a potion of mutation.
You feel extremely strange.
Large bone plates grow over parts of your arms.
You feel clumsy.
Your connection to magic feels subdued.
Large bone plates spread over more of your arms.
You die...

#. #. #..##..... . ...
##. ##......... .#
....#.. ............
##..#.. .(..... .#
#...... #(#.##.# ##
.......#####......#(.#
#.......#....#.....
#....>...(..†#.#.#
#.......###S@...#
#.......# #.....#
#........# ##........
..........# ...#.....
#####...... ....##....
##........... ....
##...###.$#.. ...
#...# #.##.. .. #. ...


You could see a water moccasin.

Vanquished Creatures
  2 hounds
  4 adders
  5 ball pythons
  3 bats
  5 endoplasms
  2 giant cockroaches
  5 goblins
  5 hobgoblins
  2 kobolds
  A quokka (D:5)
  3 frilled lizards (D:2)
  6 rats
43 creatures vanquished.

Notes
Turn   | Place    | Note
-------+----------+-------------------------------------------
     0 | D:1      | jlumianski the Demonspawn Fighter began the quest for the
                  | Orb.
     0 | D:1      | Reached XP level 1. HP: 18/18 MP: 1/1
   120 | D:1      | Gained mutation: You sometimes gain a little power by
                  | taking damage. [demonic ancestry]
   120 | D:1      | Reached XP level 2. HP: 24/24 MP: 2/2
   209 | D:1      | Found a faded altar of an unknown god.
   843 | D:2      | Gained mutation: You have sharp fingernails. [demonic
                  | ancestry]
   843 | D:2      | Reached XP level 3. HP: 29/29 MP: 3/3
  1345 | D:3      | Gained mutation: You sometimes gain power by taking damage.
                  | [demonic ancestry]
  1345 | D:3      | Reached XP level 4. HP: 35/35 MP: 4/4
  1418 | D:3      | You fall into a shaft and drop 2 floors!
  1418 | D:5      | Entered Level 5 of the Dungeon
  1430 | D:6      | Identified the +5 dagger of Evolution {flame, rElec Str+4}
  1518 | D:5      | Noticed a water moccasin
  1520 | D:5      | Gained mutation: Your demonic aura sometimes causes spilled
                  | blood to erupt in flames. [demonic ancestry]
  1520 | D:5      | Reached XP level 5. HP: 40/41 MP: 5/5
  1525 | D:5      | Gained mutation: You are partially covered in large bone
                  | plates. (SH +4) [potion of mutation]
  1525 | D:5      | Gained mutation: You are clumsy. (Dex -2) [potion of
                  | mutation]
  1525 | D:5      | Gained mutation: Your spells are a little easier to cast,
                  | but a little less powerful. [potion of mutation]
  1525 | D:5      | Gained mutation: You are mostly covered in large bone
                  | plates. (SH +6) [potion of mutation]
  1525 | D:5      | Succumbed to a water moccasin's poison

Illustrated notes

Levels and vault maps discovered:
D:1:      onia_arrival_handbag, layout_rooms, serial_forest,
          infiniplex_forest_clump_small, infiniplex_forest_lined_4_way,
          infiniplex_forest_lined_room_3, infiniplex_forest_clump_small,
          infiniplex_forest_lined_4_way, infiniplex_forest_straight_3,
          infiniplex_forest_lined_ring, infiniplex_forest_clump_small,
          chequers_ecumenical_altar_simple
D:2:      layout_loops_ring
D:3:      layout_rooms
D:4:      layout_rooms, marbit_many_paths, lemuel_temple_firewalk_b,
          serial_undead, serial_undead_c, serial_undead_a, serial_undead_b,
          serial_undead_b, uniq_robin
D:5:      layout_cave_pools, tgw_trog
D:6:      layout_rooms, mainiacjoe_overflow_brackets, uniq_maggie

Skill      XL: |  1  2  3 |
---------------+----------+-----
Shields        | 3 |  3.3
Axes           | 2 |  2.9
Armour         | 3 |  3.5
Fighting       | |  3.5
Throwing       | |  0.2
Dodging        | |  0.4
Stealth        | |  0.2

Action                     |  1- 3 |  4- 6 || total
---------------------------+-------+-------++-------
  Melee: War axe           |   104 |    31 ||   135
  Throw: Dart              |     4 |     3 ||     7
    Use: Potion            |       |     2 ||     2
 Armour: Scale mail        |    60 |    20 ||    80
  Dodge: Dodged            |    44 |    15 ||    59
  Block: Buckler           |    24 |    10 ||    34
